Map: Frostline LE

Players

IIIIIIIIIIII - Winner!

  • Race: Terran Terran
  • League: Diamond
  • Spawn Location: 1:00

NPLXIV

  • Race: Terran Terran
  • League: Silver
  • Spawn Location: 7:00

VOD

Have the link to the VOD?

Description

Time

  • Played on: Feb. 9, 2025, 8:27 a.m.
  • Length: 4:59
Show
View Real Time Build Order
Export as new Build Order

IIIIIIIIIIII Terran - Winner!

Build Orders:  

Get SALT Encoding   

  12  0:00  SCV  
  13  0:12  SCV  
  14  0:18  Supply Depot  
  14  0:26  SCV  
  15  0:43  Refinery  
  15  0:49  Barracks  
  15  0:50  SCV  
  16  1:02  SCV  
  17  1:14  SCV  
  18  1:19  Supply Depot  
  18  1:27  SCV  
  18  1:32  Refinery  
  19  1:35  Reaper  
  19  1:37  Barracks  
  20  1:40  SCV  
  21  1:47  Supply Depot  
  21  1:54  SCV  
  22  2:06  SCV  
  22  2:07  Reaper  
  24  2:25  Reaper  
  25  2:40  Reaper  
  26  2:57  Reaper  
  27  3:06  Barracks  
  27  3:12  Reaper  
  28  3:29  Reaper  
  26  3:44  Reaper  
  27  3:55  Barracks  
  27  3:58  Reaper  
  27  4:02  Reaper  
  29  4:16  Reaper  
Show
View Real Time Build Order
Export as new Build Order

NPLXIV Terran 

Build Orders:  

Get SALT Encoding   

  12  0:02  SCV  
  13  0:14  SCV  
  13  0:19  Supply Depot  
  14  0:26  SCV  
  15  0:46  Refinery  
  15  0:49  SCV  
  16  0:57  Barracks  
  16  1:01  SCV  
  17  1:13  SCV  
  17  1:18  Refinery  
  18  1:25  SCV  
  19  1:44  Command Center  
  19  1:48  Factory  
  19  2:06  Supply Depot  
  19  2:08  Orbital Command  
  18  2:28  Marine  
  18  2:34  Hellion  
  19  2:38  SCV  
  20  2:50  SCV  
  21  2:53  Marine  
  21  3:07  Hellion  
  21  3:11  SCV, Marine  
  23  3:23  SCV  
  22  3:35  SCV  
  19  3:44  Factory Reactor  
  19  3:47  SCV, Marine  
  17  3:58  Factory x2  
  17  4:00  SCV  
  15  4:08  Hellion  
  14  4:12  SCV  
  12  4:22  SCV  
  9  4:24  SCV  
  9  4:34  SCV  
  9  4:36  SCV  
  8  4:46  SCV  
  8  4:49  Refinery  
Tags
 
Matchup
TvT
Race
Terran
Spawn Locations
Cross Positions
Add a new tag
Caveats
  • Supply blocks, unpowered buildings, or Contaminate may cause inaccurate times.
  • Supply counts are checked every 10 seconds.